 Dungeon Crawl Stone Soup version 0.28-a0-750-g7c675f85b1 (webtiles) character file.

Game seed: 4997076047706664015

139 ytrimaz the Skirmisher (level 5, 4/42 HPs)
             Began as a Demonspawn Fighter on Oct 29, 2021.
             Quit the game on level 2 of the Dungeon on Oct 30, 2021.
             The game lasted 00:03:00 (2329 turns).

ytrimaz the Skirmisher (Demonspawn Fighter)         Turns: 2329, Time: 00:03:01

Health: 4/42       AC:  4    Str: 17    XL:     5   Next: 1%
Magic:  5/5        EV:  9    Int: 10    God:
Gold:   104        SH:  4    Dex: 12    Spells: 4/4 levels left

rFire   . . .      SeeInvis .   a - +0 rapier
rCold   . . .      Faith    .   c - +0 buckler
rNeg    . . .      Spirit   .   b - +0 scale mail
rPois   .          Reflect  .   k - +0 helmet
rElec   .          Harm     .   (no cloak)
rCorr   .          Rampage  .   (no gloves)
Will    .....                   (no boots)
Stlth   ..........              (no amulet)
HPRegen 0.14/turn               (no ring)
MPRegen 0.09/turn               (no ring)

@: corroded
A: hooves 1, demonic guardian 1
a: no special abilities


You were on level 2 of the Dungeon.
You visited 1 branch of the dungeon, and saw 2 of its levels.

You collected 104 gold pieces.

Inventory:

Hand Weapons
 a - a +0 rapier (weapon)
Armour
 b - a +0 scale mail (worn)
 c - a +0 buckler (worn)
 k - a +0 helmet (worn)
Scrolls
 i - a scroll of acquirement {unknown}
 j - a scroll of magic mapping {unknown}
 l - a scroll of fog {unknown}
Potions
 d - 2 potions of might
 e - a potion of flight {unknown}
 f - a potion of lignification {unknown}
 g - a potion of berserk rage {unknown}
 h - a potion of brilliance {unknown}


   Skills:
 + Level 3.9 Fighting
 - Level 2.4 Short Blades
 + Level 3.8 Armour
 + Level 3.3 Shields


You had 4 spell levels left.
You didn't know any spells.
Your spell library was empty.

Dungeon Overview and Level Annotations

Branches:
Dungeon (2/15)

Altars:


Innate Abilities, Weirdness & Mutations

You have large cloven feet.
A weak demonic guardian rushes to your aid.


Message History

You kill the endoplasm!
The jelly quivers.
The jelly jiggles.
You see here a +0 short sword.
You see here a +0 short sword.
You hit the jelly.
Your hands burn!
You kick the jelly.
The jelly is heavily wounded.
You block the jelly's attack.
You hit the jelly but do no damage.
Your hands burn!
Your kick misses the jelly.
The jelly is heavily wounded.
The jelly barely misses you.
You hit the jelly but do no damage.
Your hands burn!
The jelly is heavily wounded.
The jelly barely misses you.
You hit the jelly. The acid corrodes you!
Your hands burn!
* * * LOW HITPOINT WARNING * * *
The jelly is heavily wounded.
The jelly hits you but does no damage.
Unknown command.
You hit the jelly but do no damage.
Your hands burn!
* * * LOW HITPOINT WARNING * * *
You kick the jelly, but do no damage.
The jelly is heavily wounded.
The jelly jiggles.
The jelly hits you but does no damage.
Unknown command.
You hit the jelly.
Your hands burn!
* * * LOW HITPOINT WARNING * * *
You kick the jelly, but do no damage.
The jelly is almost dead.
The jelly closely misses you.
Unknown command.
You hit the jelly.
You kill the jelly!
You have reached level 5!
Your demonic ancestry asserts itself...
You feel the presence of a demonic guardian.
Unknown command.
Are you sure you want to abandon this character and quit the game? (Confirm with "yes".)

# #.#...###..)..###.## #. ##
#.#...##.......##.# #.
.######.#...##.......###########.
.[).....#...##.......##..).......
#######.....##.......##.######...
.# #.....######....#########...
.#####.#..####..'....# #.........
...........##.######## #.........
##.....##..###..@...## #####.....
###...##### #######'## #.[.#...
#.#.###.# .P..JP÷..# #.###...
###.#...#.# ....JJ...####.#.....
##.........# .÷.JJPJ..##...#.....
....######.# ...PJ÷...##.###.....
###.# #.# .÷....÷.J##..##.....
#.# #)# !P.....P.##...)..>.. #.#
### ###########...#.....


There were no monsters in sight!

Vanquished Creatures
  2 jellies (D:2)
  A worm (D:2)
  A dart slug (D:1)
  4 ball pythons (D:1)
  12 endoplasms
  4 giant cockroaches
  8 goblins
  6 hobgoblins
  3 jackals (D:1)
  11 kobolds
  2 quokkas (D:1)
  4 bats
  A frilled lizard (D:1)
  4 rats
63 creatures vanquished.

Vanquished Creatures (others)
  5 fungi (D:2)
  7 toadstools (D:2)
12 creatures vanquished.

Grand Total: 75 creatures vanquished

Notes
Turn   | Place    | Note
-------+----------+-------------------------------------------
     0 | D:1      | ytrimaz the Demonspawn Fighter began the quest for the Orb.
     0 | D:1      | Reached XP level 1. HP: 18/18 MP: 1/1
   247 | D:1      | Gained mutation: You have large cloven feet. [demonic
                  | ancestry]
   247 | D:1      | Reached XP level 2. HP: 24/24 MP: 2/2
   967 | D:1      | Reached XP level 3. HP: 27/29 MP: 3/3
  2066 | D:2      | Found a faded altar of an unknown god.
  2098 | D:2      | Reached XP level 4. HP: 29/35 MP: 4/4
  2325 | D:2      | Gained mutation: A weak demonic guardian rushes to your
                  | aid. [demonic ancestry]
  2325 | D:2      | Reached XP level 5. HP: 4/42 MP: 5/5
  2329 | D:2      | Quit the game

Illustrated notes

Levels and vault maps discovered:
D:1:      minmay_arrival_solitary_statue, layout_loops_cross
D:2:      cheibrodos_fertilizer, layout_rooms, ebering_ecumenical_altar_hall,
          chequers_serial_rivers_large_a

Skill      XL: |  1  2 |
---------------+-------+-----
Armour         | 3 |  3.8
Shields        | 3 |  3.3
Short Blades   | 2 |  2.4
Fighting       | |  3.9

Action                   |  1- 3 |  4- 6 || total
-------------------------+-------+-------++-------
Melee: Rapier            |   159 |    18 ||   177
       Kick              |    27 |     8 ||    35
  Use: Scroll            |     3 |       ||     3
Armor: Scale mail        |    73 |     4 ||    77
Dodge: Dodged            |    98 |     5 ||   103
Block: Buckler           |    38 |     2 ||    40

Table legend: (Time is in decaauts)
 A = Elapsed time spent in this place.
 B = Non-inter-level travel time spent in this place.
 C = Inter-level travel time spent in this place.
 D = Time resting spent in this place.
 E = Time spent auto-exploring this place.
 F = Levels seen in this place.
 G = Mean time per level.
                   A        B        C        D        E       F      G
               +--------+--------+--------+--------+--------+-----+--------+
         Total |   2359 |   2311 |     48 |      0 |   1848 |   2 | 1179.5 |
       Dungeon |   2359 |   2311 |     48 |      0 |   1848 |   2 | 1179.5 |
               +--------+--------+--------+--------+--------+-----+--------+

Top non-repeatable levels by time:
     D:1: 1216 daAuts
     D:2: 1143 daAuts
